 Dungeon Crawl Stone Soup version 0.18-a0-337-g1235303 (webtiles) character file.

256 FishmanTm the Insei (level 6, -1/43 HPs)
             Began as a Merfolk Transmuter on Nov 28, 2015.
             Slain by Purgy (3 damage)
             ... on level 3 of the Dungeon.
             The game lasted 00:07:27 (3296 turns).

FishmanTm the Insei (Merfolk Transmuter)            Turns: 3296, Time: 00:07:27

Health: -1/43      AC:  4    Str: 10    XL:     6   Next: 16%
Magic:  4/9        EV: 13    Int: 14    God:
Gold:   197        SH:  0    Dex: 15    Spells: 3 memorised, 3 levels left

rFire  . . .     SeeInvis +       - Unarmed
rCold  + . .     Clarity  .     b - +0 robe
rNeg   . . .     SustAt   .     (no shield)
rPois  .         Gourm    .     s - +0 helmet
rElec  .         Spirit   .     n - +0 cloak
rCorr  .         Warding  .     (no gloves)
rMut   .         Stasis   .     (no boots)
MR     .....                    (no amulet)
Stlth  +.........               t - ring of see invisible
                                p - ring of protection from cold

@: very slightly contaminated, slowed, very slow, not resistant to hostile
enchantments, very unstealthy
A: change form in water, swift swim
a: no special abilities


You were on level 3 of the Dungeon.
You were not hungry.

You visited 1 branch of the dungeon, and saw 3 of its levels.
You also visited: Sewer.

You collected 197 gold pieces.

Inventory:

Missiles
 a - 24 arrows
Armour
 b - a +0 robe (worn)
 n - a +0 cloak (worn)
 s - a +0 helmet (worn)
Jewellery
 p - a ring of protection from cold (left hand)
 t - a ring of see invisible (right hand)
Scrolls
 j - a scroll of amnesia {unknown}
 l - 2 scrolls of teleportation {unknown}
 m - a scroll of fog {unknown}
 r - a scroll of remove curse {unknown}
Potions
 e - 2 potions of curing
 f - 3 potions of cancellation {unknown}
 h - a potion of ambrosia {unknown}
 k - a potion of lignification {unknown}
 o - a potion of poison {unknown}
 q - 2 potions of haste {unknown}
Books
 c - a book of Changes

   Spells                             Type                      Level
   a - Beastly Appendage              Transmutation                1
   b - Sticks to Snakes               Transmutation                2
   c - Spider Form                    Transmutation/Poison         3
   d - Ice Form                       Ice/Transmutation            4
   e - Blade Hands                    Transmutation                5
Comestibles
 d - 5 bread rations
 g - 13 chunks of flesh


   Skills:
 - Level 1.1 Fighting
 - Level 2.6 Dodging
 - Level 6.3 Unarmed Combat
 - Level 2.0 Spellcasting
 + Level 5.2 Transmutations


You had 3 spell levels left.
You knew the following spells:

 Your Spells              Type           Power        Failure   Level  Hunger
a - Beastly Appendage     Trmt           ###...       2%          1    ##.....
b - Sticks to Snakes      Trmt           ###.....     4%          2    ###....
c - Spider Form           Trmt/Pois      #.........   24%         3    ####...


Dungeon Overview and Level Annotations

Branches:
Dungeon (3/15)

Altars:
Okawaru
Ru
Sif Muna

Annotations:
D:3 Natasha, Purgy


Message History

Natasha claws you.
The shadow imp disappears in a puff of smoke!
Natasha mumbles some strange words.
Natasha wildly gestures.
You feel disoriented. Natasha casts a spell at you. The magic dart hits you!
Purgy bites you.
* * * LOW HITPOINT WARNING * * *
Purgy claws you but does no damage. x2
Natasha misses you. Natasha claws you.
* * * LOW HITPOINT WARNING * * *
Purgy closely misses you. Purgy claws you but does no damage.
Purgy claws you but does no damage. The iron imp puffs mist at you.
The rat bites you but does no damage. Natasha claws you!
* * * LOW HITPOINT WARNING * * *
Unknown command.
Purgy bites you.
You die...

..≈≈≈≈#................
....≈≈#####............
.))..≈#.##...........^.....
#<)..........................#
.(####..##........#........... ..
.(..##..##..............>.....#..
....##..##.....5h##....##...#....
....'...##.....Tr#....###...#....
....##..##......@#...............
....###.##.......>...............
........##.............##.....#..
...................##....[.......
......................)..........
........####'##..................
........#........................
........#......................#.
........#......................#.


You could see Purgy, an iron imp, Natasha and a rat.

Vanquished Creatures
  A crocodile (Sewer)
  An orc wizard (D:3)
  Natasha (D:3)
  Robin (D:3)
  3 adders
  A river rat (D:3)
  An ooze (D:1)
  4 worms
  7 orcs (D:3)
  13 bats
  3 giant cockroaches
  9 goblins
  4 hobgoblins
  5 kobolds
  4 giant newts
  9 rats
67 creatures vanquished.

Vanquished Creatures (collateral kills)
  A worm (D:2)
  2 goblins (D:3)
3 creatures vanquished.

Grand Total: 70 creatures vanquished

Notes
Turn   | Place    | Note
--------------------------------------------------------------
     0 | D:1      | FishmanTm the Merfolk Transmuter began the quest for the Orb.
     0 | D:1      | Reached XP level 1. HP: 15/15 MP: 3/3
   556 | D:1      | Reached XP level 2. HP: 21/21 MP: 3/5
   563 | D:1      | Learned a level 2 spell: Sticks to Snakes
   657 | D:1      | Reached skill level 4 in Unarmed Combat
  1180 | D:2      | Found a sacrificial altar of Ru.
  1203 | D:2      | Reached XP level 3. HP: 18/26 MP: 1/6
  1208 | D:2      | Learned a level 3 spell: Spider Form
  1357 | D:2      | Found a sacrificial altar of Ru.
  1822 | D:2      | Found a deep blue altar of Sif Muna.
  1949 | D:3      | Found a glowing drain.
  2079 | D:3      | Reached skill level 5 in Unarmed Combat
  2094 | D:3      | Reached XP level 4. HP: 11/32 MP: 1/7
  2180 | Sewer    | Entered a sewer
  2385 | Sewer    | Noticed a crocodile
  2399 | Sewer    | Killed a crocodile
  2399 | Sewer    | Reached skill level 6 in Unarmed Combat
  2399 | Sewer    | Reached XP level 5. HP: 21/37 MP: 5/8
  2610 | D:3      | Found an iron altar of Okawaru.
  2703 | D:3      | Noticed Robin
  3013 | D:3      | Killed Robin
  3167 | D:3      | Noticed Natasha
  3172 | D:3      | Reached XP level 6. HP: 38/43 MP: 2/9
  3176 | D:3      | Killed Natasha
  3176 | D:3      | Reached skill level 5 in Transmutations
  3220 | D:3      | Noticed Purgy
  3273 | D:3      | Noticed Natasha
  3295 | D:3      | HP: 2/43 [Natasha (7)]
  3296 | D:3      | Slain by Purgy

Vault maps used:
D:1:      matt_arrival_diagonals, fountainhead
D:2:      led_sif_pool, old_standard_altar, lemuel_statue_altar
D:3:      lemuel_crystal_altar, portal_sewer_entry_b, uniq_robin, uniq_natasha,
          uniq_purgy, uniq_iyjb
Sewer:    sewer_big_baddie

Action                   |  1- 3 |  4- 6 || total
-------------------------+-------+-------++-------
Melee: Unarmed           |   125 |    82 ||   207
 Cast: Beastly Appendage |    21 |       ||    21
       Sticks to Snakes  |     3 |     5 ||     8
       Spider Form       |     3 |     7 ||    10
 Abil: End Transformatio |       |     1 ||     1
  Use: Scroll            |     1 |     2 ||     3
       Potion            |       |     1 ||     1
 Stab: Distracted        |     1 |       ||     1
       Sleeping          |     1 |       ||     1
  Eat: Chunk             |     5 |     2 ||     7
       Meat ration       |       |     1 ||     1
